TOP OF THE 1ST |
Clemson Tigers batting - Pitching for North Carolina Tar Heels : LHP Kevin Newton
|
Pitching: LHP Kevin Newton
|
|
Batting: RHB Joseph Forrest
|
0-0: Called Strike 0-1: Ball 1-1: Ground out 5-3 (Groundball, 5)
|
Batting: RHB Vincent Snow
|
0-0: Called Strike 0-1: Fly out, F9 (Flyball, 89D)
|
Batting: RHB Pablo Valentín
|
0-0: Called Strike 0-1: Swinging Strike 0-2: Ball 1-2: Foul Ball, location: 2F 1-2: Strikes out swinging
|
Top of the 1st over - 0 run(s), 0 hit(s), 0 error(s), 0 left on base; Clemson 0 - North Carolina 0 |
BOTTOM OF THE 1ST |
North Carolina Tar Heels batting - Pitching for Clemson Tigers : LHP Ken Johnston
|
Pitching: LHP Ken Johnston
|
|
Batting: RHB Miguel Mendoza
|
0-0: Called Strike 0-1: Ball 1-1: Ball 2-1: Foul Ball, location: 2F 2-2: Strikes out looking
|
Batting: SHB Richard Griffin
|
0-0: Ball 1-0: Swinging Strike 1-1: Ball 2-1: Fly out, F6 (Line Drive, 6)
|
Batting: LHB Vaughn Carter
|
0-0: Ball 1-0: Ball 2-0: Foul Ball, location: 2F 2-1: Foul Ball, location: 2F 2-2: Ball 3-2: SOLO HOME RUN (Flyball, 9D), Distance : 365 ft
|
Batting: RHB Mike Shelton
|
0-0: Ball 1-0: Foul Ball, location: 2F 1-1: Ball 2-1: Ball 3-1: Foul Ball, location: 2F 3-2: Base on Balls
|
Batting: LHB José Morales
|
0-0: Foul Ball, location: 2F 0-1: Ball 1-1: Called Strike 1-2: Foul Ball, location: 2F 1-2: Foul Ball, location: 2F 1-2: Foul Ball, location: 2F Pickoff Throw to First - Error! E1 Mike Shelton to second 1-2: Fly out, F4 (Popup, 34)
|
Bottom of the 1st over - 1 run(s), 1 hit(s), 1 error(s), 1 left on base; Clemson 0 - North Carolina 1 |
TOP OF THE 2ND |
Clemson Tigers batting - Pitching for North Carolina Tar Heels : LHP Kevin Newton
|
Batting: RHB Jonathan Williams
|
0-0: Ball 1-0: Called Strike 1-1: Called Strike 1-2: Strikes out swinging
|
Batting: LHB Edward Rose
|
0-0: Called Strike 0-1: Ball 1-1: SINGLE (Line Drive, 89M)
|
Batting: RHB Keith Webb
|
0-0: Ball 1-0: Ball 2-0: Called Strike 2-1: Foul Ball, location: 2F 2-2: Strikes out looking
|
Batting: RHB James Taylor
|
0-0: Ball 1-0: Called Strike 1-1: Ball 2-1: Called Strike 2-2: Ball 3-2: Base on Balls Edward Rose to second
|
Batting: RHB Lee Adams
|
0-0: Called Strike 0-1: Ball 1-1: Swinging Strike 1-2: Foul Ball, location: 2F 1-2: Foul Ball, location: 2F 1-2: Ball 2-2: Foul Ball, location: 2F 2-2: Strikes out looking
|
Top of the 2nd over - 0 run(s), 1 hit(s), 0 error(s), 2 left on base; Clemson 0 - North Carolina 1 |
BOTTOM OF THE 2ND |
North Carolina Tar Heels batting - Pitching for Clemson Tigers : LHP Ken Johnston
|
Batting: LHB Matt McCray
|
0-0: Called Strike 0-1: Ball 1-1: Foul Ball, location: 2F 1-2: Strikes out swinging
|
Batting: RHB Derek Scott
|
0-0: Called Strike 0-1: Ball 1-1: Ball 2-1: Fly out, F8 (Flyball, 8LS)
|
Batting: RHB Jeff Townsley
|
0-0: Ball 1-0: Called Strike 1-1: Foul Ball, location: 2F 1-2: Fly out, F2 (Popup, 2RF)
|
Bottom of the 2nd over - 0 run(s), 0 hit(s), 0 error(s), 0 left on base; Clemson 0 - North Carolina 1 |
TOP OF THE 3RD |
Clemson Tigers batting - Pitching for North Carolina Tar Heels : LHP Kevin Newton
|
Batting: LHB Burt Ward
|
0-0: Called Strike 0-1: Swinging Strike 0-2: Foul Ball, location: 2F 0-2: SINGLE (Groundball, 4M)
|
Batting: RHB Joseph Forrest
|
0-0: Ball 1-0: Ball 2-0: Called Strike 2-1: Ball 3-1: SINGLE (Line Drive, 89M) Burt Ward to second
|
Batting: RHB Vincent Snow
|
0-0: Ball 1-0: Ball 2-0: Ball 3-0: Base on Balls Burt Ward to third Joseph Forrest to second
|
Batting: RHB Pablo Valentín
|
0-0: Called Strike 0-1: Swinging Strike 0-2: DOUBLE (Line Drive, 78M) Burt Ward scores Joseph Forrest scores Vincent Snow to third
|
Batting: RHB Jonathan Williams
|
0-0: DOUBLE (Line Drive, 7LM) Vincent Snow scores Pablo Valentín scores
|
Batting: LHB Edward Rose
|
0-0: Foul Ball, location: 2F 0-1: Ball 1-1: Ball 2-1: Swinging Strike Single, Error in OF, E8, batter to second base Jonathan Williams scores
|
Batting: RHB Keith Webb
|
0-0: Ball 1-0: Swinging Strike 1-1: SINGLE (Groundball, 6MD) Edward Rose to third Runner from 3rd tries for Home, SAFE, no throw or cutoff
|
Batting: RHB James Taylor
|
0-0: Ball 1-0: Ball 2-0: Called Strike 2-1: Foul Ball, location: 2F 2-2: Ball 3-2: Foul Ball, location: 2F 3-2: Base on Balls Keith Webb to second
|
Batting: RHB Lee Adams
|
Single, Error in OF, E7, batter to second base Keith Webb scores James Taylor to third
|
Batting: LHB Burt Ward
|
0-0: Called Strike 0-1: Ground out 5-3 (Groundball, 5L)
|
Batting: RHB Joseph Forrest
|
0-0: Swinging Strike 0-1: Ball 1-1: Foul Ball, location: 2F 1-2: Ball 2-2: Fly out, F9 (Line Drive, 9S)
|
Batting: RHB Vincent Snow
|
0-0: Ball 1-0: Ball 2-0: Ball Wild Pitch! James Taylor scores Lee Adams to third 3-0: Called Strike 3-1: Base on Balls
|
Pitching: LHP Scott Henson
|
|
Batting: RHB Pablo Valentín
|
0-0: SINGLE (Groundball, 34D) (infield hit) Lee Adams scores Vincent Snow to second
|
Batting: RHB Jonathan Williams
|
0-0: Ball 1-0: SINGLE (Groundball, 25) (infield hit) Vincent Snow to third Pablo Valentín to second
|
Batting: LHB Edward Rose
|
0-0: Called Strike 0-1: Ball 1-1: Foul Ball, location: 2F 1-2: Strikes out swinging
|
Top of the 3rd over - 9 run(s), 9 hit(s), 2 error(s), 3 left on base; Clemson 9 - North Carolina 1 |
BOTTOM OF THE 3RD |
North Carolina Tar Heels batting - Pitching for Clemson Tigers : LHP Ken Johnston
|
Batting: RHB Preston Wooten
|
0-0: Fly out, F8 (Flyball, 8LM)
|
Batting: RHB Miguel Mendoza
|
0-0: Called Strike 0-1: Fly out, F4 (Line Drive, 4)
|
Batting: SHB Richard Griffin
|
0-0: Called Strike 0-1: SINGLE (Line Drive, 8RS)
|
Batting: LHB Vaughn Carter
|
0-0: Called Strike 0-1: Ground out 4-3 (Groundball, 4)
|
Bottom of the 3rd over - 0 run(s), 1 hit(s), 0 error(s), 1 left on base; Clemson 9 - North Carolina 1 |
TOP OF THE 4TH |
Clemson Tigers batting - Pitching for North Carolina Tar Heels : LHP Scott Henson
|
Batting: RHB Keith Webb
|
0-0: Ball 1-0: Foul Ball, location: 2F 1-1: Ball 2-1: Swinging Strike 2-2: Ball 3-2: Base on Balls
|
Batting: RHB James Taylor
|
0-0: Ball 1-0: Foul Ball, location: 2F 1-1: SINGLE (Groundball, 4MD) Keith Webb to second
|
Batting: RHB Lee Adams
|
0-0: Foul Ball, location: 2F 0-1: Ball 1-1: Swinging Strike 1-2: Foul Ball, location: 2F 1-2: Strikes out looking
|
Batting: LHB Burt Ward
|
0-0: Ball 1-0: Ball 2-0: Ball 3-0: Called Strike 3-1: Base on Balls Keith Webb to third James Taylor to second
|
Batting: RHB Joseph Forrest
|
0-0: Ball 1-0: Called Strike 1-1: Foul Ball, location: 2F
|
|
|
|
1-2: Strikes out looking
|
Batting: RHB Vincent Snow
|
0-0: Fly out, F7 (Flyball, 78M)
|
Top of the 4th over - 0 run(s), 1 hit(s), 0 error(s), 3 left on base; Clemson 9 - North Carolina 1 |
BOTTOM OF THE 4TH |
North Carolina Tar Heels batting - Pitching for Clemson Tigers : LHP Ken Johnston
|
Batting: RHB Mike Shelton
|
0-0: Fly out, F9 (Flyball, 89S)
|
Batting: LHB José Morales
|
0-0: Ball 1-0: Ball 2-0: Called Strike 2-1: Ball 3-1: Base on Balls
|
Batting: LHB Matt McCray
|
0-0: Ball 1-0: Called Strike 1-1: Swinging Strike 1-2: Foul Ball, location: 2F 1-2: Strikes out swinging
|
Pitching: RHP Ryan Allen
|
|
Batting: RHB Derek Scott
|
0-0: Fly out, F7 (Flyball, 78M)
|
Bottom of the 4th over - 0 run(s), 0 hit(s), 0 error(s), 1 left on base; Clemson 9 - North Carolina 1 |
TOP OF THE 5TH |
Clemson Tigers batting - Pitching for North Carolina Tar Heels : LHP Scott Henson
|
Batting: RHB Pablo Valentín
|
0-0: Ball 1-0: Ball 2-0: Foul Ball, location: 2F 2-1: DOUBLE (Flyball, 7LM)
|
Batting: RHB Jonathan Williams
|
0-0: Ball 1-0: Foul Ball, location: 2F 1-1: Called Strike 1-2: Ball 2-2: Foul Ball, location: 2F 2-2: Foul Ball, location: 2F 2-2: Ball 3-2: Base on Balls
|
Batting: LHB Edward Rose
|
0-0: Called Strike 0-1: Ball 1-1: SINGLE (Groundball, 6MD) Pablo Valentín to third Jonathan Williams to second Runner from 3rd tries for Home, SAFE, throw made at trailing runner, SAFE at third!
|
Batting: RHB Keith Webb
|
0-0: Called Strike 0-1: Foul Ball, location: 2F 0-2: Fly out, F6 (Popup, 56)
|
Batting: RHB James Taylor
|
0-0: Ball 1-0: Ball 2-0: Ball 3-0: Called Strike 3-1: Called Strike 3-2: Foul Ball, location: 2F 3-2: SINGLE (Line Drive, 8LS) Jonathan Williams scores Edward Rose to second
|
Pitching: RHP Mike Allen
|
|
Batting: RHB Lee Adams
|
0-0: Called Strike 0-1: Ball 1-1: Ball 2-1: Ball 3-1: Called Strike 3-2: Fly out, F4 (Popup, 4)
|
Batting: LHB Burt Ward
|
0-0: Ball 1-0: Swinging Strike 1-1: Called Strike 1-2: Foul Ball, location: 2F 1-2: Ball 2-2: 3-RUN HOME RUN (Flyball, 89XD), Distance : 365 ft
|
Batting: RHB Joseph Forrest
|
0-0: Ball 1-0: Ball 2-0: Ball 3-0: Base on Balls
|
Batting: RHB Vincent Snow
|
0-0: Ball 1-0: Foul Ball, location: 2F 1-1: Swinging Strike 1-2: Strikes out looking
|
Top of the 5th over - 5 run(s), 4 hit(s), 0 error(s), 1 left on base; Clemson 14 - North Carolina 1 |
BOTTOM OF THE 5TH |
North Carolina Tar Heels batting - Pitching for Clemson Tigers : RHP Ryan Allen
|
Batting: RHB Jeff Townsley
|
0-0: Called Strike 0-1: Foul Ball, location: 2F 0-2: Foul Ball, location: 2F 0-2: Ball 1-2: Ball 2-2: Foul Ball, location: 2F 2-2: Strikes out swinging
|
Batting: RHB Preston Wooten
|
0-0: Called Strike 0-1: Foul Ball, location: 2F 0-2: Ball 1-2: Foul Ball, location: 2F 1-2: Ground out 1-3 (Groundball, 25)
|
Batting: RHB Miguel Mendoza
|
0-0: Ground out 4-3 (Groundball, 4)
|
Bottom of the 5th over - 0 run(s), 0 hit(s), 0 error(s), 0 left on base; Clemson 14 - North Carolina 1 |
TOP OF THE 6TH |
Clemson Tigers batting - Pitching for North Carolina Tar Heels : RHP Mike Allen
|
Batting: RHB Pablo Valentín
|
0-0: Called Strike 0-1: Swinging Strike 0-2: Ball 1-2: Ball 2-2: Foul Ball, location: 2F 2-2: Strikes out looking
|
Batting: RHB Jonathan Williams
|
0-0: Foul Ball, location: 2F 0-1: Called Strike 0-2: Ball 1-2: Strikes out swinging
|
Batting: LHB Edward Rose
|
0-0: Called Strike 0-1: Ball 1-1: SINGLE (Groundball, 34D)
|
Batting: RHB Keith Webb
|
0-0: Ball 1-0: Called Strike 1-1: Foul Ball, location: 2F 1-2: Foul Ball, location: 2F 1-2: Foul Ball, location: 2F 1-2: Fly out, F9 (Flyball, 89M)
|
Top of the 6th over - 0 run(s), 1 hit(s), 0 error(s), 1 left on base; Clemson 14 - North Carolina 1 |
BOTTOM OF THE 6TH |
North Carolina Tar Heels batting - Pitching for Clemson Tigers : RHP Ryan Allen
|
Batting: SHB Richard Griffin
|
0-0: Called Strike 0-1: Bunted foul 0-2: Foul Ball, location: 2F 0-2: Strikes out swinging
|
Batting: LHB Vaughn Carter
|
0-0: Foul Ball, location: 2F 0-1: Ball 1-1: Ground out 4-3 (Groundball, 4M)
|
Batting: RHB Mike Shelton
|
0-0: Fly out, F8 (Flyball, 8LM)
|
Bottom of the 6th over - 0 run(s), 0 hit(s), 0 error(s), 0 left on base; Clemson 14 - North Carolina 1 |
TOP OF THE 7TH |
Clemson Tigers batting - Pitching for North Carolina Tar Heels : RHP Mike Allen
|
Batting: RHB James Taylor
|
0-0: Called Strike 0-1: Foul Ball, location: 2F 0-2: Strikes out swinging
|
Pitching: RHP Tim Osborne
|
|
Batting: RHB Lee Adams
|
0-0: Ball 1-0: Ball 2-0: Ball 3-0: Base on Balls
|
Pitching: LHP Bill Sommer
|
|
Batting: LHB Burt Ward
|
0-0: Ball Throwing error on steal attempt, E2 Lee Adams to third 1-0: Ball 2-0: Ball 3-0: Called Strike 3-1: Base on Balls
|
Batting: RHB Joseph Forrest
|
0-0: Ball 1-0: Ball 2-0: Ball 3-0: Called Strike 3-1: Called Strike 3-2: Fly out, F9 (Line Drive, 9M) Runner from 3rd tags up, SCORES, no throw
|
Batting: RHB Vincent Snow
|
0-0: Called Strike 0-1: Ball 1-1: Foul Ball, location: 2F 1-2: DOUBLE (Line Drive, 7LS) Burt Ward to third
|
Batting: RHB Pablo Valentín
|
0-0: Ball 1-0: Ball 2-0: Ball 3-0: Called Strike 3-1: Base on Balls
|
Batting: RHB Jonathan Williams
|
0-0: Ball 1-0: Ball 2-0: Foul Ball, location: 2F 2-1: Ball 3-1: Base on Balls Burt Ward scores Vincent Snow to third Pablo Valentín to second
|
Batting: LHB Edward Rose
|
0-0: SINGLE (Line Drive, 78M) Vincent Snow scores Pablo Valentín to third Jonathan Williams to second Runner from 3rd tries for Home, SAFE, no throw or cutoff
|
Pitching: LHP Dave Rose
|
|
Batting: RHB Keith Webb
|
0-0: Ball 1-0: Called Strike 1-1: Ball 2-1: Fly out, F5 (Popup, 5SF)
|
Top of the 7th over - 4 run(s), 2 hit(s), 1 error(s), 2 left on base; Clemson 18 - North Carolina 1 |
BOTTOM OF THE 7TH |
North Carolina Tar Heels batting - Pitching for Clemson Tigers : RHP Ryan Allen
|
Pitching: RHP Neal McElroy
|
|
Batting: LHB José Morales
|
0-0: Called Strike 0-1: Fly out, F9 (Flyball, 9LD)
|
Batting: LHB Matt McCray
|
0-0: SINGLE (Line Drive, 34)
|
Batting: RHB Derek Scott
|
0-0: Called Strike 0-1: Ball 1-1: Foul Ball, location: 2F 1-2: Strikes out swinging
|
Batting: RHB Jeff Townsley
|
0-0: Fly out, F8 (Flyball, 8LD)
|
Bottom of the 7th over - 0 run(s), 1 hit(s), 0 error(s), 1 left on base; Clemson 18 - North Carolina 1 |
TOP OF THE 8TH |
Clemson Tigers batting - Pitching for North Carolina Tar Heels : LHP Dave Rose
|
Batting: RHB James Taylor
|
0-0: Ground out 5-3 (Groundball, 56)
|
Batting: RHB Lee Adams
|
0-0: Ball 1-0: Fly out, F9 (Flyball, 89S)
|
Batting: LHB Burt Ward
|
0-0: Foul Ball, location: 2F 0-1: Foul Ball, location: 2F 0-2: Foul Ball, location: 2F 0-2: Strikes out swinging
|
Top of the 8th over - 0 run(s), 0 hit(s), 0 error(s), 0 left on base; Clemson 18 - North Carolina 1 |
BOTTOM OF THE 8TH |
North Carolina Tar Heels batting - Pitching for Clemson Tigers : RHP Neal McElroy
|
Now at C: Alejandro Flores
|
|
Pinch Hitting: RHB Fred Hubbard
|
Single, Error in OF, E9, batter to second base
|
Batting: RHB Miguel Mendoza
|
0-0: Ball 1-0: Called Strike 1-1: Ball 2-1: Fly out, F8 (Flyball, 8LM)
|
Batting: SHB Richard Griffin
|
0-0: Ball 1-0: Ball 2-0: Ball 3-0: Called Strike 3-1: Called Strike 3-2: Strikes out swinging
|
Batting: LHB Vaughn Carter
|
0-0: Ball 1-0: Swinging Strike 1-1: Fly out, F7 (Flyball, 7LM)
|
Bottom of the 8th over - 0 run(s), 1 hit(s), 1 error(s), 1 left on base; Clemson 18 - North Carolina 1 |
TOP OF THE 9TH |
Clemson Tigers batting - Pitching for North Carolina Tar Heels : LHP Dave Rose
|
Now at 2B: Fred Hubbard
|
|
Batting: RHB Joseph Forrest
|
0-0: Ball 1-0: Ball 2-0: Ball 3-0: Base on Balls
|
Batting: RHB Vincent Snow
|
0-0: Swinging Strike 0-1: Swinging Strike 0-2: Strikes out swinging
|
Batting: RHB Pablo Valentín
|
0-0: Ball Joseph Forrest steals 2nd base 1-0: Called Strike 1-1: Foul Ball, location: 2F 1-2: Foul Ball, location: 2F 1-2: Ball 2-2: SINGLE (Groundball, 56D) Joseph Forrest to third
|
Batting: RHB Jonathan Williams
|
0-0: Foul Ball, location: 2F 0-1: Foul Ball, location: 2F 0-2: Strikes out swinging Pablo Valentín steals 2nd base Batter strikes out.
|
Batting: LHB Edward Rose
|
0-0: Ball 1-0: Foul Ball, location: 2F 1-1: Ball 2-1: Foul Ball, location: 2F 2-2: Ball 3-2: Base on Balls
|
Batting: RHB Alejandro Flores
|
0-0: Ball 1-0: Fielders Choice at 2nd, U6 (Groundball, 6M)
|
Top of the 9th over - 0 run(s), 1 hit(s), 0 error(s), 3 left on base; Clemson 18 - North Carolina 1 |
BOTTOM OF THE 9TH |
North Carolina Tar Heels batting - Pitching for Clemson Tigers : RHP Neal McElroy
|
Now in RF: Ralph Jackson
|
|
Batting: RHB Mike Shelton
|
0-0: Called Strike 0-1: Foul Ball, location: 2F 0-2: Strikes out swinging
|
Batting: LHB José Morales
|
0-0: Ground out 6-3 (Groundball, 6)
|
Batting: LHB Matt McCray
|
0-0: Called Strike 0-1: Ground out 2-3 (Groundball, 2L)
|
Bottom of the 9th over - 0 run(s), 0 hit(s), 0 error(s), 0 left on base; Clemson 18 - North Carolina 1 |
|
|